 Dungeon Crawl Stone Soup version 0.18.1-8-gdd0e5ea (webtiles) character file.

296 Metae the Skirmisher (level 6, -2/56 HPs)
             Began as a Minotaur Fighter on June 10, 2016.
             Slain by a slave (8 damage)
             ... led by Pikel
             ... on level 4 of the Dungeon.
             The game lasted 00:14:57 (2394 turns).

Metae the Skirmisher (Minotaur Fighter)             Turns: 2394, Time: 00:14:58

Health: -2/56      AC:  8    Str: 28    XL:     6   Next: 12%
Magic:  5/5        EV:  9    Int:  5    God:
Gold:   165        SH: 10    Dex: 12    Spells: 0 memorised, 5 levels left

rFire  . . .     SeeInvis .     a - +0 trident
rCold  . . .     Gourm    .     b - +0 scale mail
rNeg   . . .     Faith    .     c - +0 shield
rPois  .         Spirit   .     (helmet restricted)
rElec  .         Dismiss  .     (no cloak)
rCorr  .         Reflect  .     y - +0 pair of gloves {Str+3}
SustAt .         Harm     +     (no boots)
MR     .....                    h - amulet of harm
Stlth  ..........               (no ring)
                                (no ring)

@: mighty, not resistant to hostile enchantments, extremely unstealthy
A: retaliatory headbutt, horns 2
a: no special abilities


You were on level 4 of the Dungeon.
You were not hungry.

You visited 1 branch of the dungeon, and saw 4 of its levels.

You collected 165 gold pieces.

Inventory:

Hand Weapons
 a - a +0 trident (weapon)
 C - a +1 short sword of flaming
Armour
 b - a +0 scale mail (worn)
 c - a +0 shield (worn)
 q - a +0 shield
 y - a +0 pair of gloves of strength (worn)
Jewellery
 h - an amulet of harm (around neck)
 s - a cursed -3 ring of protection
Wands
 r - a wand of lightning (9/15)
 t - a wand of random effects (24/48)
Scrolls
 i - a scroll of immolation {unknown}
 j - a scroll of enchant weapon {unknown}
 l - a scroll of amnesia {unknown}
 m - a scroll of teleportation {unknown}
 o - 2 scrolls of fear {unknown}
 p - 2 scrolls of fog {unknown}
 A - a scroll of enchant armour {unknown}
 B - a scroll of remove curse {unknown}
Potions
 e - a potion of brilliance {unknown}
 g - a potion of beneficial mutation {unknown}
 n - a potion of flight {unknown}
 v - a potion of heal wounds {unknown}
 w - a potion of curing {unknown}
 x - a potion of magic {unknown}
Comestibles
 f - 3 bread rations
 k - a beef jerky
 u - a meat ration
 z - 12 chunks of flesh


   Skills:
 * Level 5.4 Fighting
 + Level 3.5 Polearms
 * Level 5.1 Armour
 + Level 2.8 Dodging
 + Level 4.3 Shields


You had 5 spell levels left.
You didn't know any spells.

Dungeon Overview and Level Annotations

Branches:
Dungeon (4/15)
 Temple: D:4-7

Altars:
Pakellas

Shops:
D:2 }

Annotations:
D:4 Menkaure


Innate Abilities, Weirdness & Mutations

You reflexively headbutt those who attack you in melee.
You have a pair of horns on your head.


Message History

There is an open door here.
Found a blowgun.
There is an open door here.
You open the door. 3 slaves come into view.
The slave shouts! x3; You hear a shout! x3
Found 12 gold pieces and a purple potion.
An ogre comes into view. It is wielding a giant spiked club.
Your scale mail prevents you from hitting the slave.
The slave moves out of view.
You barely miss the slave. You block the slave's attack. The slave hits you.
* * * LOW HITPOINT WARNING * * *
You block the slave's attack.
Menkaure calls on the powers of darkness!
The slave convulses! x2; The ogre convulses!
Your body is wracked with pain!
* * * LOW HITPOINT WARNING * * *
The slave hits you but does no damage.
You feel very mighty all of a sudden. You block the slave's attack.
The slave hits you!
You die...

#....#..#....# #...#
##....#'##(...#######..
......#..#[...#......รท#
......'..#....#.......#
......#..#....#.......#
......#.##....#######.+
#######.# ..... #####.#
#......p#.$.... #..'..#
#.....@pOp..... #..#..#
#########.......##+##..
.............
..!......... ...........
.......... ....###'#
...(#.... ... #.>.<


You could see an ogre and 3 slaves.

Vanquished Creatures
  A scorpion (D:3)
  An orc priest (D:4)
  Ijyb (D:3)
  4 gnolls (D:4)
  9 adders
  An ooze (D:1)
  2 dart slugs
  3 giant geckos
  4 orcs (D:4)
  6 bats
  6 giant cockroaches
  3 goblins
  5 hobgoblins
  A quokka (D:2)
  A giant newt (D:2)
  5 kobolds
  11 rats
64 creatures vanquished.

Notes
Turn   | Place    | Note
--------------------------------------------------------------
     0 | D:1      | Metae the Minotaur Fighter began the quest for the Orb.
     0 | D:1      | Reached XP level 1. HP: 19/19 MP: 0/0
    94 | D:1      | You fall through a shaft!
   192 | D:1      | Reached XP level 2. HP: 25/27 MP: 1/1
   601 | D:2      | Reached XP level 3. HP: 33/33 MP: 2/2
   693 | D:2      | You fall through a shaft!
   701 | D:3      | Reached skill level 1 in Dodging
   851 | D:3      | Reached XP level 4. HP: 35/40 MP: 3/3
   856 | D:3      | Noticed Ijyb
   870 | D:3      | Killed Ijyb
  1177 | D:2      | Found an oddly glowing altar of Pakellas.
  1177 | D:2      | Found Pakellas's Prime Provisions.
  1519 | D:3      | Reached XP level 5. HP: 47/47 MP: 4/4
  1612 | D:3      | Reached skill level 5 in Fighting
  2237 | D:4      | Reached skill level 5 in Armour
  2290 | D:4      | Reached XP level 6. HP: 49/56 MP: 5/5
  2358 | D:4      | Noticed Menkaure
  2390 | D:4      | Noticed a slave
  2390 | D:4      | Noticed a slave
  2390 | D:4      | Noticed a slave
  2394 | D:4      | Slain by a slave

Skill      XL: |  1  2  3  4  5 |
---------------+----------------+-----
Armour         | 4 5 |  5.1
Fighting       | 4 5 |  5.4
Dodging        | 1 2 |  2.8
Shields        | 4 |  4.3
Polearms       | 3 |  3.5

Action                   |  1- 3 |  4- 6 || total
-------------------------+-------+-------++-------
Melee: Trident           |   112 |    96 ||   208
       Headbutt          |    12 |    11 ||    23
Evoke: Wand              |       |     3 ||     3
  Use: Scroll            |     2 |     1 ||     3
       Potion            |       |     1 ||     1
  Eat: Chunk             |       |     4 ||     4
       Pizza             |       |     1 ||     1
Armor: Scale mail        |    48 |    36 ||    84
Dodge: Dodged            |    24 |    22 ||    46
Block: Shield            |    56 |    48 ||   104
